Unix NetHack Version 3.7.0-94 Work-in-progress - last build Dec 18 2023 00:11:04 (7e3deff068b9ef4f2ebb9a71ea0f5c4a3b578a14,branch:master). Game began 2023-12-25 17:34:32, ended 2023-12-25 17:56:33. wangpang, neutral male human Barbarian ...---- -.)....| --- .......-#-.-- --.-- --.--.----.. -...<.......| -..)| |..........- |.(.........--..--. |.......---- -...............| --..--..----- .......|....|..-| ----)-........| ---..|-..-- ----..@p....---....| ------.^. |.>....F----- -...| ---- |.---...| --.-- .-- Wangpang the Bandit St:18/05 Dx:16 Co:18 In:7 Wi:8 Ch:7 Neutral Dlvl:3 $:37 HP:0(73) Pw:14(14) AC:0 Xp:7/712 T:2578 Starved Deaf Latest messages: You faint from lack of food. The gnome zombie hits! The gnome zombie hits! The gnome zombie misses! The gnome zombie hits! The gnome zombie misses! The gnome zombie misses! The gnome zombie hits! You regain consciousness. You destroy the gnome zombie! You faint from lack of food. You regain consciousness. You can hear again. You faint from lack of food. You regain consciousness. You faint from lack of food. You regain consciousness. You faint from lack of food. You regain consciousness. You can hear again. There is a sleeping gas trap here. You see here 4 crossbow bolts. A cloud of gas puts you to sleep! You wake up. You are momentarily blinded by a flash of light! You hear a deafening roar! A rock piercer suddenly appears next to you! You faint from lack of food. The rock piercer bites! It touches you! It touches you! The rock piercer bites! The rock piercer bites! It touches you! The lichen touches you! The lichen touches you! The lichen touches you! The rock piercer bites! You regain consciousness. You faint from lack of food. The lichen touches you! The lichen touches you! The lichen just misses! The rock piercer bites! You regain consciousness. You cannot escape from the lichen! You faint from lack of food. The lichen misses! You die from starvation. Do you want your possessions identified? [ynq] (y) q Inventory: Coins $ - 37 gold pieces Weapons a - a +0 two-handed sword (weapon in hands) Armor k - an uncursed +0 orcish helm (being worn) y - an uncursed +0 pair of iron shoes (being worn) z - an uncursed +0 dwarvish cloak (being worn) E - a blessed +1 dwarvish mithril-coat (being worn) Comestibles d - 2 uncursed food rations s - 2 uncursed lembas wafers r - an uncursed tin of deep fried giant rat meat i - an uncursed tin of deep fried goblin meat m - an uncursed lichen corpse Scrolls I - 2 uncursed scrolls of blank paper L - an uncursed scroll of earth f - an uncursed scroll of enchant armor l - a blessed scroll of light Potions x - an uncursed potion of fruit juice t - an uncursed potion of healing J - an uncursed potion of levitation u - an uncursed potion of oil w - a cursed potion of paralysis Rings h - an uncursed ring of free action (on left hand) v - an uncursed ring of regeneration (on right hand) Wands p - a wand of create monster (0:11) q - a wand of locking (0:6) Tools H - a bag of tricks named Potion/Scroll (0:9) F - an uncursed tallow candle Gems/Stones K - 2 cursed turquoise stones C - 2 uncursed worthless pieces of green glass G - a cursed worthless piece of green glass D - an uncursed worthless piece of violet glass Wangpang the Barbarian's attributes: Background: You were a Bandit, a level 7 male human Barbarian. You were neutral, on a mission for Crom who was opposed by Mitra (lawful) and Set (chaotic). You were right-handed. You were in the Gnomish Mines, on level 3. You entered the dungeon 2578 turns ago. You had 712 experience points, 568 more were needed to attain level 8. Basics: You had 0 out of 73 hit points. You had all 14 energy points (spell power). Your armor class was 0. Your wallet contained 37 zorkmids. Autopickup was on for '$?!/="+*' plus thrown, with exceptions. Final Characteristics: Your strength was 18/05 (base:18/06, limit:18/100). Your dexterity was 16 (limit:18). Your constitution was 18 (limit:18). Your intelligence was 7 (limit:18). Your wisdom was 8 (limit:18). Your charisma was 7 (limit:18). Final Status: You were deaf. You were held by a lichen (southeast). You were starved. You were unencumbered. You were wielding a two-handed sword. You had basic skill with two-handed sword and could have enhanced that. Final Attributes: You were piously aligned. Your items were somewhat protected from fire. Your items were somewhat protected from cold. You were poison resistant. You were telepathic. You regenerated. You were guarded. You were fast. You had free action. You are dead. Miscellaneous: You disabled loading of bones levels. Total elapsed playing time was 22 minutes. Major events: Turn 1: wangpang the neutral male human Barbarian entered the dungeon 285: attained the rank of Pillager (level 3) 1420: entered the Gnomish Mines 1577: attained the rank of Bandit (level 6) 2578: died of starvation, while fainted Vanquished creatures: a large mimic 4 small mimics a blue jelly a rock mole a pony a shrieker 2 gnome leaders 2 gnomish wizards a paper golem a giant ant 2 floating eyes 3 dwarves a homunculus a kobold leader 5 hill orcs an iguana 3 killer bees a gas spore 2 hobbits 10 manes a giant rat 18 gnomes a gnome zombie a gecko 4 jackals a fox a kobold 2 goblins 12 grid bugs 2 bats a lichen a kobold zombie 3 newts 92 creatures vanquished. No species were genocided or became extinct. Voluntary challenges: You were illiterate. You never engraved Elbereth. You never genocided any monsters. You never polymorphed an object. You used no wishes. Achievements: You attained the rank of Pillager. You entered the Gnomish Mines. You attained the rank of Bandit. The Dungeons of Doom: levels 1 to 2 Level 1: An altar, some fountains. Level 2: Stairs down to The Gnomish Mines. The Gnomish Mines: levels 3 to 4 Level 3: <- You were here. Final resting place for you, died of starvation, while fainted. Level 4: Game over: ---------- / \ / REST \ / IN \ / PEACE \ / \ | wangpang | | 37 Au | | died of | | starvation | | | | | | 2023 | *| * * * | * _________)/\\_//(\/(/\)/\//\/|_)_______ Goodbye wangpang the Barbarian... You starved in The Gnomish Mines on dungeon level 3 with 3124 points, and 37 pieces of gold, after 2578 moves. You were level 7 with a maximum of 73 hit points when you starved.